 Dungeon Crawl Stone Soup version 0.30-a0-297-g0ec75d9ef4 (webtiles) character file.

Game seed: 13594628376389012489

83 HarveyMantaco the Magician (level 4, 0/31 HPs)
             Began as a Djinni Fire Elementalist on Oct 18, 2022.
             Slain by Ijyb
             ... wielding a +2 dagger of distortion
              (3 damage)
             ... on level 3 of the Dungeon.
             The game lasted 00:06:06 (1488 turns).

HarveyMantaco the Magician (DjFE)                   Turns: 1488, Time: 00:06:07

Health: 0/31       AC:  4    Str:  7    XL:     4   Next: 71%
Gold:   115        EV: 12    Int: 19    God:
                   SH:  5    Dex: 13

rFire   + + .      SeeInvis .    (no weapon)
rCold   x . .      Faith    .    (no shield)
rNeg    + . .      Spirit   .    a - +0 robe
rPois   ∞          Reflect  +    o - +1 helmet
rElec   .          Harm     .    (no cloak)
rCorr   .          Rampage  .    (no gloves)
Will    .....                    (boots unavailable)
Stlth   ++........               p - amulet of reflection
HPRegen 0.25/turn                j - ring of positive energy
MPRegen 0.00/turn                (no ring)

@: flying
A: sickness immunity, fire resistance 2, cold vulnerability 1, float, innate
caster, HP casting, extra vitality 1
a: no special abilities


You were on level 3 of the Dungeon.
You visited 1 branch of the dungeon, and saw 3 of its levels.

You collected 115 gold pieces.

Inventory:

Armour
 a - a +0 robe (worn)
 b - an orb of light
 o - a +1 helmet (worn)
Jewellery
 e - an amulet of faith
 j - a ring of positive energy (left hand)
 p - an amulet of reflection (around neck)
 q - a ring of resist corrosion
Wands
 l - a wand of charming (10)
Scrolls
 c - a scroll of vulnerability {unknown}
 d - a scroll of teleportation {unknown}
 g - 2 scrolls of enchant armour {unknown}
 i - a scroll of immolation {unknown}
 r - a scroll of brand weapon {unknown}
Potions
 f - a potion of curing {unknown}
 h - 2 potions of berserk rage {unknown}
 k - a potion of resistance {unknown}
 m - a potion of ambrosia {unknown}
 n - 2 potions of heal wounds {unknown}
 s - a potion of lignification {unknown}
 t - a potion of might {unknown}


   Skills:
 - Level 2.1 Dodging
 - Level 1.5 Stealth
 + Level 4.0 Spellcasting


You couldn't memorise any spells.
You knew the following spells:

 Your Spells              Type           Power      Damage    Failure   Level
a - Foxfire               Conj/Fire      76%        2x1d7     2%          1
b - Scorch                Fire           38%        2d6       4%          2
c - Kindle Blastsparks    Fire/Tloc/Air  38%        2d13      8%          3
d - Inner Flame           Hex/Fire       19%        N/A       8%          3
e - Flame Wave            Conj/Fire      19%        2d7       26%         4
f - Slow                  Hex            76%        N/A       2%          1
Your spell library was empty.

Dungeon Overview and Level Annotations

Branches:
Dungeon (3/15)

Altars:

Annotations:
D:3 Ijyb


Innate Abilities, Weirdness & Mutations

You are immune to sickness and miasma.
You are immune to poison.
Your flesh is very heat resistant. (rF++)
You are vulnerable to cold. (rC-)
You float through the air rather than walking.
You learn spells naturally, not from books.
Your magical power is your life essence.
You have superior vitality. (+4 MHP)


Message History

Confirm with . or Enter, or press ? or * to list all spells.
You conjure some foxfire!
The foxfire hits Ijyb.
Ijyb is moderately wounded.
The foxfire hits Ijyb but does no damage.
Ijyb is moderately wounded.
Casting: Foxfire (safe; 2% risk of failure)
Confirm with . or Enter, or press ? or * to list all spells.
There is not enough space to conjure foxfire!
Unknown command.
Casting: Foxfire (safe; 2% risk of failure)
Confirm with . or Enter, or press ? or * to list all spells.
Flames lash the jackal.
You kill the jackal!
Casting: Scorch (safe; 4% risk of failure)
Confirm with . or Enter, or press ? or * to list all spells.
Flames lash Ijyb but do no damage.
Ijyb hits you with a +2 dagger of distortion.
Space warps around you.
* * * LOW HITPOINT WARNING * * *
Unknown command.
The foxfire hits Ijyb.
Ijyb is heavily wounded.
Ijyb zaps a wand.
The puff of flame hits you. You resist.
* * * LOW HITPOINT WARNING * * *
Your magical contamination has completely faded away.
Casting: Scorch (safe; 4% risk of failure)
Confirm with . or Enter, or press ? or * to list all spells.
Flames lash Ijyb.
Ijyb is heavily wounded.
Ijyb's fire resistance burns away.
* * * LOW HITPOINT WARNING * * *
Ijyb screams, "Me kill you!"
Aiming: Charm
Press: ? - help, Shift-Dir - straight line, f - Ijyb
Aim: Ijyb, wielding a +2 dagger of distortion, wearing a +0 ring mail and carrying a wand of flame (7) (heavily wounded, more vulnerable to fire, chance to affect: 57%) Ijyb resists with significant effort.
Ijyb hits you with a +2 dagger of distortion.
* * * LOW HITPOINT WARNING * * *
Space warps around you.
You die...

..##...# #
.......
#.##.....## ..
#.#.##.##.###....
.......<.....#
###.##.##.###.#
#.<.........#
.###.#.###.#
#.@## .# #g## #
#.# #.# #.# #.#
#.# #.# #..


You could see Ijyb (combustible).

Vanquished Creatures
  A gnoll (D:1)
  3 adders (D:2)
  3 dart slugs (D:1)
  4 endoplasms
  4 giant cockroaches
  5 goblins
  4 hobgoblins
  2 jackals (D:3)
  A quokka (D:2)
  4 bats
  3 frilled lizards
  2 kobolds (D:2)
  A rat (D:2)
37 creatures vanquished.

Vanquished Creatures (others)
  106 foxfires
106 creatures vanquished.

Grand Total: 143 creatures vanquished

Notes
Turn   | Place    | Note
-------+----------+-------------------------------------------
     0 | D:1      | HarveyMantaco the Djinni Fire Elementalist began the quest
                  | for the Orb.
     0 | D:1      | HarveyMantaco set off with the following spells memorised:
                  | Foxfire, Scorch, Kindle Blastsparks, Inner Flame, Flame
                  | Wave.
     0 | D:1      | Reached XP level 1. HP: 15/15 MP: 0/0
   277 | D:1      | Reached XP level 2. HP: 19/21 MP: 0/0
   431 | D:1      | Reached skill level 3 in Spellcasting
   451 | D:1      | Reached XP level 3. HP: 22/25 MP: 0/0
   451 | D:1      | Learned a level 1 spell: Slow
  1058 | D:2      | Reached XP level 4. HP: 22/31 MP: 0/0
  1366 | D:2      | Reached skill level 4 in Spellcasting
  1470 | D:3      | Noticed Ijyb
  1488 | D:3      | Slain by Ijyb

Illustrated notes

Levels and vault maps discovered:
D:1:      dpeg_arrival_rooms_with_view, layout_rooms, serial_aquarium,
          aquarium_bridge_long_joined [aquarium_subvault_window,
          aquarium_subvault_bridge, aquarium_subvault_wall,
          aquarium_subvault_bridge, aquarium_subvault_wall,
          aquarium_subvault_wall], aquarium_bridge_square
          [aquarium_subvault_bridge, aquarium_subvault_window,
          aquarium_subvault_wall, aquarium_subvault_wall], aquarium_window_3,
          aquarium_window_fake, aquarium_window_fake, aquarium_view_2a,
          aquarium_view_2b
D:2:      layout_rooms, minmay_pentomino_x2
D:3:      layout_loops_ring, tgw_fedhas, chequers_ecumenical_altar_simple_redux,
          uniq_natasha, uniq_terence, uniq_ijyb

Skill      XL: |  1  2  3  4 |
---------------+-------------+-----
Spellcasting   | 3 4 |  4.0
Dodging        | |  2.1
Stealth        | |  1.5

Action                   |  1- 3 |  4- 6 || total
-------------------------+-------+-------++-------
Melee: Unarmed           |     4 |     2 ||     6
 Cast: Foxfire           |    48 |    15 ||    63
       Scorch            |     2 |     6 ||     8
Evoke: Wand              |       |     1 ||     1
Dodge: Dodged            |     7 |     5 ||    12
Block: Other             |       |     2 ||     2

Table legend: (Time is in decaauts)
 A = Elapsed time spent in this place.
 B = Non-inter-level travel time spent in this place.
 C = Inter-level travel time spent in this place.
 D = Time resting spent in this place.
 E = Time spent auto-exploring this place.
 F = Levels seen in this place.
 G = Mean time per level.
                   A        B        C        D        E       F      G
               +--------+--------+--------+--------+--------+-----+--------+
         Total |   1487 |   1415 |     72 |    269 |    790 |   3 |  495.7 |
       Dungeon |   1487 |   1415 |     72 |    269 |    790 |   3 |  495.7 |
               +--------+--------+--------+--------+--------+-----+--------+

Top non-repeatable levels by time:
     D:1: 876 daAuts
     D:2: 579 daAuts
     D:3: 31 daAuts
